Map: Terrasses de Prion

Players

IronTrax - Winner!

  • Race: Terran Terran
  • League: Silver
  • Spawn Location: 11:00

zidar

  • Race: Zerg Zerg
  • League: Silver
  • Spawn Location: 5:00

VOD

Have the link to the VOD?

Description

Time

  • Played on: Feb. 7, 2016, 10:34 a.m.
  • Length: 20:41
Show
View Real Time Build Order
Export as new Build Order

IronTrax Terran - Winner!

Build Orders:  

Get SALT Encoding   

  12  0:00  SCV  
  13  0:13  SCV  
  14  0:18  Supply Depot  
  14  0:25  SCV  
  15  0:40  SCV  
  15  0:41  Barracks  
  16  0:46  Refinery  
  16  0:52  SCV  
  17  1:04  SCV  
  17  1:08  Barracks  
  18  1:16  SCV  
  19  1:22  Barracks  
  19  1:29  SCV  
  19  1:32  Reaper  
  21  1:39  Supply Depot  
  21  1:47  Refinery  
  21  1:50  SCV  
  22  2:01  Supply Depot  
  22  2:10  Reaper x2  
  22  2:14  SCV  
  25  2:28  Reaper  
  26  2:30  Orbital Command  
  26  2:42  Reaper  
  27  2:49  Reaper  
  28  3:00  Reaper  
  29  3:14  Reaper  
  30  3:21  Reaper  
  30  3:25  Command Center  
  26  3:52  Barracks Reactor  
  25  4:00  Marine x2  
  27  4:03  SCV  
  27  4:08  Command Center  
  27  4:11  Engineering Bay  
  27  4:15  SCV  
  28  4:18  Marine x2  
  28  4:22  Factory  
  30  4:26  Barracks  
  30  4:35  Marine x2  
  34  4:41  Barracks Reactor  
  34  4:42  Barracks Tech Lab  
  32  4:47  Bunker  
  32  4:53  Marine x2  
  34  5:01  Marine  
  35  5:07  Terran Infantry Weapons Level 1  
  35  5:11  Marine x2  
  35  5:12  Stimpack  
  37  5:15  Factory Tech Lab  
  37  5:24  Supply Depot  
  35  5:37  Marine x4  
  35  5:42  Marine x2  
  41  5:47  Orbital Command  
  41  5:52  SCV  
  41  5:55  Marine x2  
  41  5:56  Siege Tank  
  47  5:58  Marine  
  48  6:14  SCV x2  
  50  6:19  Barracks Reactor  
  50  6:28  Siege Tank  
  53  6:41  SCV  
  55  6:53  SCV  
  55  6:57  Marine  
  55  6:58  Marine x6, Orbital Command  
  62  7:15  Marine  
  61  7:16  Marine  
  61  7:21  Marine  
  60  7:36  Marine x2  
  62  7:37  Supply Depot  
  62  7:47  Missile Turret  
  62  7:58  Marine, SCV, Siege Tank  
  62  8:04  Supply Depot  
  66  8:07  Supply Depot  
  66  8:08  Supply Depot  
  66  8:10  Supply Depot, Starport  
  66  8:11  Marine x2  
  66  8:12  Marine  
  69  8:15  Missile Turret  
  69  8:18  SCV  
  70  8:29  Supply Depot  
  70  8:30  Siege Tank  
  70  8:32  SCV x2, Supply Depot  
  70  8:34  Marine  
  76  8:38  Terran Infantry Armor Level 1  
  76  8:56  Starport Reactor  
  76  8:59  Marine x7  
  76  9:01  SCV x2  
  85  9:09  Supply Depot  
  85  9:14  Supply Depot  
  85  9:16  Marine  
  85  9:17  Marine x2  
  88  9:25  SCV  
  88  9:26  SCV  
  88  9:29  Marine x2  
  92  9:38  SCV x2  
  94  9:41  Armory  
  94  9:50  SCV x2  
  96  9:53  Marine x5  
  96  9:56  Medivac  
  103  10:02  SCV x2  
  103  10:06  Missile Turret  
  105  10:09  Refinery  
  105  10:11  Marine, Refinery  
  105  10:13  Marine x2  
  105  10:14  Marine, SCV x2  
  111  10:25  Viking  
  111  10:26  SCV x2, Medivac  
  117  10:51  Marine x7  
  124  11:08  Marine  
  124  11:09  Marine  
  126  11:16  Supply Depot  
  126  11:20  Supply Depot  
  126  11:36  Marine x2  
  126  11:37  Marine x3  
  126  11:38  Marine x2  
  106  11:55  Marine  
  106  11:58  Marine x6  
  108  12:01  Siege Tank  
  103  12:13  Marine  
  104  12:15  Marine  
  104  12:16  Marine x5  
  98  12:31  Marine  
  98  12:33  Marine x3, Siege Tank  
  99  12:41  Marine  
  99  12:42  Marine x2  
  102  12:48  Marine  
  103  12:51  Marine x3  
  106  12:59  Marine x3  
  106  13:04  Orbital Command  
  106  13:05  Siege Tank  
  112  13:06  Marine  
  112  13:09  Marine x3  
  112  13:11  Terran Infantry Weapons Level 2  
  116  13:14  Engineering Bay  
  116  13:17  Marine x3  
  119  13:24  Marine  
  119  13:27  Marine x3  
  120  13:29  Barracks  
  123  13:34  SCV x2  
  123  13:35  Marine x3  
  123  13:38  Refinery  
  128  13:41  Refinery  
  128  13:42  Marine  
  128  13:44  Marine  
  128  13:45  Marine x2  
  128  13:46  SCV  
  133  13:53  Marine x3  
  136  13:57  Siege Tank  
  136  14:00  Marine, Medivac  
  142  14:23  Terran Infantry Armor Level 2  
  142  14:26  Terran Vehicle Weapons Level 1  
  142  14:38  Marine  
  142  14:40  Marine  
  142  14:42  Marine x2  
  142  14:44  Marine x2  
  142  14:45  Marine  
  142  14:46  Medivac  
  135  14:55  Marine  
  135  14:57  Marine  
  135  14:59  Marine  
  137  15:00  Marine  
  137  15:01  Marine  
  137  15:02  Marine  
  137  15:03  Marine, Barracks  
  137  15:04  Barracks  
  142  15:30  Supply Depot  
  142  15:32  Supply Depot x2  
  142  15:35  Supply Depot  
  142  15:51  Marine x5  
  142  15:52  Marine, Siege Tank  
  142  15:53  Marine  
  136  16:09  Marine x5  
  136  16:10  Marine  
  142  16:11  Marine  
  143  16:26  Siege Tank  
  143  16:27  Marine x5, Medivac x2  
  143  16:28  Marine  
  143  16:29  Marine  
  157  16:34  Supply Depot  
  157  16:38  Supply Depot  
  157  16:45  Marine x6  
  163  16:47  Marine  
  164  16:58  Siege Tank  
  167  17:03  Marine x6  
  167  17:05  Marine  
  174  17:20  Marine x2  
  174  17:21  Marine x4  
  179  17:22  Marine  
  179  17:30  Siege Tank  
  164  17:38  Marine x5  
  164  17:39  Marine  
  164  17:40  Marine  
  171  17:56  Marine x5  
  171  17:57  Marine  
  171  17:58  Marine  
  177  18:03  Siege Tank  
  181  18:08  Command Center  
  181  18:14  Marine x6  
  181  18:16  Marine  
  188  18:32  Marine x3  
  190  18:36  Marine x4, Siege Tank  
  162  18:50  Marine x3  
  162  18:54  Marine x4  
  165  18:59  Medivac x2  
  169  19:07  Marine x3  
  172  19:12  Marine x4  
  176  19:22  Missile Turret  
  176  19:25  Marine x2  
  176  19:27  Planetary Fortress  
  176  19:29  Medivac  
  180  19:37  Marine x4  
  184  19:42  Marine  
  184  19:43  Marine, Missile Turret  
  186  20:02  Missile Turret  
  116  20:21  SCV x2  
Show
View Real Time Build Order
Export as new Build Order

zidar Zerg 

Build Orders: Hatch First 

Get SALT Encoding   

  12  0:01  Drone  
  13  0:12  Overlord  
  13  0:17  Drone  
  14  0:30  Drone x2  
  14  0:34  Drone  
  17  0:55  Hatchery  
  17  0:56  Drone  
  17  1:01  Drone  
  17  1:02  Extractor  
  17  1:18  Spawning Pool  
  16  1:35  Overlord  
  16  1:58  Drone  
  16  1:59  Drone x2  
  19  2:04  Metabolic Boost  
  19  2:06  Queen  
  21  2:10  Zergling x2  
  22  2:16  Queen  
  24  2:30  Zergling x6  
  24  2:31  Zergling x2  
  28  2:50  Spine Crawler  
  27  2:52  Zergling x2  
  27  2:53  Zergling x4  
  27  2:54  Zergling x2  
  30  3:21  Roach Warren  
  27  4:07  Roach x4  
  35  4:13  Lair  
  35  4:40  Overlord x3  
  35  4:54  Drone  
  35  4:58  Drone x9  
  45  5:02  Roach  
  47  5:14  Evolution Chamber  
  46  5:17  Extractor  
  44  5:37  Overlord  
  44  5:39  Ravager  
  44  5:40  Ravager x2  
  47  6:03  Extractor  
  46  6:05  Extractor  
  45  6:11  Drone  
  45  6:12  Drone x11  
  53  7:31  Roach  
  53  7:32  Roach x2  
  53  7:34  Overlord x3  
  57  8:18  Roach x9  
  75  8:29  Zerg Missile Weapons Level 1  
  75  8:33  Evolution Chamber  
  74  8:35  Hatchery  
  73  8:45  Roach  
  73  8:47  Overlord  
  73  8:48  Overlord x2  
  75  8:54  Hatchery  
  74  9:09  Pneumatized Carapace  
  74  9:14  Zerg Ground Armor Level 1  
  74  9:19  Ravager  
  74  9:20  Ravager x3  
  74  9:21  Ravager  
  74  9:23  Roach x10  
  99  9:26  Overlord x2  
  99  9:27  Overlord  
  99  9:39  Glial Reconstitution  
  99  9:46  Infestation Pit  
  98  10:09  Zergling x24  
  98  10:10  Zergling x4  
  112  10:16  Queen  
  112  10:19  Overlord x3  
  114  10:25  Drone x6  
  120  10:40  Infestor x2  
  124  10:46  Pathogen Glands  
  124  10:55  Zerg Missile Weapons Level 2  
  124  11:10  Zerg Ground Armor Level 2  
  124  11:18  Roach x4  
  132  11:19  Zergling x2  
  113  12:03  Roach  
  113  12:04  Roach x13  
  70  12:43  Roach x11  
  64  13:05  Drone x2  
  65  13:06  Drone x6  
  65  13:12  Hive  
  72  13:18  Queen  
  74  13:32  Hatchery  
  73  13:45  Drone x4  
  77  13:50  Roach  
  77  13:51  Roach x4  
  77  13:55  Ravager x4  
  90  13:56  Ravager x2  
  93  14:09  Zerg Melee Weapons Level 1  
  93  14:13  Zergling x18  
  102  14:18  Roach x2  
  95  15:08  Queen  
  97  15:15  Roach  
  97  15:16  Roach x4, Spire  
  97  15:18  Roach  
  97  15:19  Roach x3  
  97  15:20  Zergling x2  
  97  15:21  Zergling x12  
  119  15:22  Zergling x4  
  119  15:25  Adrenal Glands  
  123  15:30  Ultralisk Cavern  
  105  16:08  Drone  
  105  16:09  Drone x2  
  108  16:12  Queen  
  108  16:14  Queen  
  112  16:30  Mutalisk  
  112  16:31  Mutalisk x5  
  112  16:32  Mutalisk  
  126  16:46  Zerg Ground Armor Level 3  
  126  16:49  Zerg Melee Weapons Level 2  
  126  16:57  Ultralisk  
  126  16:59  Overlord  
  126  17:00  Overlord x3  
  130  17:08  Extractor  
  130  17:13  Extractor  
  115  17:38  Queen  
  117  17:46  Ultralisk Cavern  
  117  17:50  Drone x8  
  117  17:51  Drone x4  
  125  18:55  Ultralisk  
  125  18:56  Ultralisk x2  
  125  18:57  Ultralisk  
  125  19:02  Zergling x2  
  144  19:03  Zergling x36  
  162  19:13  Extractor  
  162  19:14  Extractor  
  158  19:41  Hatchery  
Tags
 
Add a new tag
Caveats
  • Supply blocks, unpowered buildings, or Contaminate may cause inaccurate times.
  • Supply counts are checked every 10 seconds.